 Dungeon Crawl Stone Soup version 0.31.0-9-g3a7656b989 (webtiles) character file.

Game seed: 10425518773457123446

10 Colgate the Poker (level 2, 18/24 HPs)
             Began as a Demonspawn Cinder Acolyte on Jan 30, 2024.
             Was a High Priest of Ignis.
             Quit the game on level 1 of the Dungeon.
             The game lasted 00:00:30 (113 turns).

Colgate the Poker (Demonspawn Cinder Acolyte)        Turns: 113, Time: 00:00:30

Health: 18/24      AC:  9    Str: 14    XL:     2   Next: 10%
Magic:  3/3        EV: 11    Int: 14    God:    Ignis [*****.]
Gold:   0          SH:  0    Dex:  8    Spells: 3/3 levels left

rFire   + . .        a - -1 spear (flame)
rCold   . . .        (no shield)
rNeg    . . .        b - +0 robe
rPois   .            (no helmet)
rElec   .            (no cloak)
rCorr   .            (no gloves)
SInv    .            (no boots)
Will    .....        (no amulet)
Stlth   +            (no ring)
HPRegen 0.24/turn    (no ring)
MPRegen 0.08/turn

%: no passive effects
@: fiery-armoured
A: sanguine armour 1
a: Renounce Religion, Fiery Armour, Foxfire Swarm, Rising Flame


You were on level 1 of the Dungeon.
You worshipped Ignis.
Ignis was extremely pleased with you.
You visited 1 branch of the dungeon, and saw 1 of its levels.

Inventory:

Hand Weapons
 a - a -1 spear of flaming (weapon)
Armour
 b - a +0 robe (worn)
Potions
 c - a potion of curing {unknown}


   Skills:
 - Level 3.0 Fighting
 + Level 3.3 Polearms
 - Level 1.0 Spellcasting
 - Level 2.6 Fire Magic


You had 3 spell levels left.
You didn't know any spells.
Your spell library contained the following spells:

 Spells                   Type           Power      Damage    Failure   Level
 Scorch                   Fire           16%        2d5       13%         2


Dungeon Overview and Level Annotations

Branches:
Dungeon (1/15)

Altars:


Innate Abilities, Weirdness & Mutations

When seriously injured, your blood forms armour. (AC +0)


Message History

The goblin is burned by your cloak of flames.
Your Polearms skill increases to level 3!
The bat hits you but does no damage.
The bat is burned by your cloak of flames.
You kill the bat!
The quokka attacks as it pursues you! The quokka barely misses you.
The quokka bites you.
The quokka is burned by your cloak of flames.
You kill the quokka!
Reach: a) -1 spear (flame)
Press: ? - help, Dir - move target, f - goblin
Aim: a goblin, wielding a +0 club (severely wounded, about 50% to evade your -1 spear of flaming)
You reach to attack!
You closely miss the goblin. You hit the goblin but do no damage.
The goblin barely misses you.
You hit the goblin. You burn the goblin.
You kill the goblin!
You see here a +0 club.
c - a grey potion You see here a frilled lizard corpse.
No target in view!
A dart slug comes into view.
A goblin comes into view. It is wielding a +0 club.
A goblin is nearby!
The goblin shouts!
Things that are here:
a +0 short sword; 2 stones; a kobold corpse
There are monsters nearby!
Found 8 gold pieces.
There are monsters nearby!
You reach to attack!
You hit the dart slug. You burn the dart slug.
The dart slug launches a dart at you.
The slug dart hits you but does no damage.
There are monsters nearby!
You reach to attack!
You hit the dart slug. You burn the dart slug.
You kill the dart slug!
You have reached level 2!
Your demonic ancestry asserts itself...
You feel your blood ready itself to protect you.
Okay, then.
Are you sure you want to abandon this character and quit the game? (Confirm with "yes".)

#####.#####...#+###+#
#PPP#.#PPP#.....≈≈≈.. .
#P⌠P#.#P⌠P#...###########....
#PPP#.#PPP#.........)........
#####+#####.........#########
..................### #
.##.#..##..........†##.... .
#. .###########)......... #.
#....g@..######## .
#..##.%.### . #.##. ... ..
... ... ..... .... .... .....
.... ..$...


You could see a goblin.

Vanquished Creatures
  A dart slug (D:1)
  An endoplasm (D:1)
  A goblin (D:1)
  A quokka (D:1)
  A ball python (D:1)
  A bat (D:1)
  2 frilled lizards (D:1)
  A kobold (D:1)
9 creatures vanquished.

Notes
Turn   | Place    | Note
-------+----------+-------------------------------------------
     0 | D:1      | Colgate the Demonspawn Cinder Acolyte began the quest for
                  | the Orb.
     0 | D:1      | Reached XP level 1. HP: 18/18 MP: 2/2
   113 | D:1      | Gained mutation: When seriously injured, your blood forms
                  | armour. (AC +0) [demonic ancestry]
   113 | D:1      | Reached XP level 2. HP: 18/24 MP: 3/3
   113 | D:1      | Quit the game

Illustrated notes

Levels and vault maps discovered:
D:1:      beargit_arrival_greenhouse, layout_rooms, corexii_corridor_pit

Skill      XL: |  1 |
---------------+----+-----
Polearms       | 3 |  3.3
Fighting       | |  3.0
Spellcasting   | |  1.0
Fire Magic     | |  2.6

Action                     || total
---------------------------++-------
  Melee: Spear             ||    27
 Invoke: Fiery Armour      ||     1
 Armour: Robe              ||    18
  Dodge: Dodged            ||    20
